 Dungeon Crawl Stone Soup version 0.28.0 (webtiles) character file.

Game seed: 4108913127301383231

21068 cbfl8 the Cleaver (level 12, -7/110 HPs)
             Began as a Minotaur Berserker on Feb 18, 2022.
             Was a High Priest of Trog.
             Mangled by a death knight (12 damage)
             ... on level 13 of the Dungeon.
             The game lasted 00:30:40 (15899 turns).

cbfl8 the Cleaver (Minotaur Berserker)             Turns: 15899, Time: 00:30:40

Health: -7/110     AC: 22    Str: 27    XL:     12   Next: 50%
Magic:  11/11      EV: 10    Int: 10    God:    Trog [*****.]
Gold:   434        SH:  0    Dex: 10    Spells: 11/11 levels left

rFire   . . .      SeeInvis .   m - +0 executioner's axe (vamp)
rCold   . . .      Faith    .   (shield currently unavailable)
rNeg    . . .      Spirit   .   J - +0 plate armour
rPois   +          Reflect  .   (helmet restricted)
rElec   .          Harm     .   N - +2 cloak {rPois}
rCorr   .          Rampage  .   p - +0 pair of gloves
Will    +....                   w - +0 pair of boots
Stlth   ..........              (no amulet)
HPRegen 0.28/turn               D - +6 ring of intelligence
MPRegen 0.12/turn               x - ring of willpower

@: on berserk cooldown, slowed, studying Evocations, very slow
A: horns 2, retaliatory headbutt
a: Renounce Religion, Berserk, Trog's Hand, Brothers in Arms


You were on level 13 of the Dungeon.
You worshipped Trog.
Trog was extremely pleased with you.
You visited 2 branches of the dungeon, and saw 15 of its levels.

You collected 880 gold pieces.
You spent 446 gold pieces at shops.

Inventory:

Hand Weapons
 a - a +1 hand axe
 k - a +2 vampiric trident
 m - a +0 vampiric executioner's axe (weapon)
 r - a +1 flail of protection
 F - a +1 halberd
 S - a +2 hand axe of draining
 T - a +4 vorpal broad axe
Armour
 b - a +0 animal skin
 e - a +0 scale mail
 p - a +0 pair of gloves (worn)
 w - a +0 pair of boots (worn)
 J - a +0 plate armour (worn)
 N - a +2 cloak of poison resistance (worn)
Jewellery
 o - a ring of fire
 s - a ring of ice
 v - a ring of ice
 x - a ring of willpower (right hand)
 D - a +6 ring of intelligence (left hand)
 H - a ring of see invisible
Wands
 y - a wand of polymorph (11)
 A - a wand of flame (13)
 G - a wand of digging (11)
Scrolls
 d - 4 scrolls of teleportation
 f - 3 scrolls of enchant weapon
 h - a scroll of fog
 i - 3 scrolls of silence
 j - 5 scrolls of vulnerability
 l - 2 scrolls of fear
 q - 2 scrolls of identify
 B - 4 scrolls of brand weapon
 E - a scroll of summoning
 K - a scroll of blinking
 L - a scroll of immolation {unknown}
 M - a scroll of amnesia
 P - a scroll of magic mapping {unknown}
 R - a scroll of holy word {unknown}
 U - a scroll of enchant armour {unknown}
Potions
 c - a potion of invisibility {unknown}
 g - 2 potions of magic {unknown}
 n - a potion of ambrosia
 t - a potion of resistance {unknown}
 u - a potion of mutation {unknown}
 z - a potion of berserk rage {unknown}
 C - 3 potions of brilliance {unknown}
 I - a potion of attraction {unknown}
 O - a potion of cancellation {unknown}
 Q - a potion of lignification


   Skills:
 + Level 11.5 Fighting
 + Level 14.3(15.5) Axes
 + Level 9.9(13.3) Maces & Flails
 + Level 1.9(9.5) Polearms
 + Level 13.1 Armour
 + Level 6.4 Dodging
 + Level 1.7 Stealth


You had 11 spell levels left.
You didn't know any spells.
Your spell library contained the following spells:

 Spells                   Type           Power      Damage    Failure   Level
 Animate Skeleton         Necr           0%         N/A       95%         1
 Apportation              Tloc           0%         N/A       95%         1
 Summon Small Mammal      Summ           0%         N/A       95%         1
 Petrify                  Tmut/Erth      0%         N/A       100%        4
 Metabolic Englaciation   Hex/Ice        0%         N/A       100%        5
 Statue Form              Tmut/Erth      0%         N/A       100%        6


Dungeon Overview and Level Annotations

Branches:
Dungeon (14/15)            Temple (1/1) D:7            Lair (0/6) D:9
    Orc (0/2) D:12
 Vaults: D:13-14

Altars:
Ashenzari
Cheibriados
Dithmenos
Elyvilon
Fedhas
Gozag
Hepliaklqana
Kikubaaqudgha
Makhleb
Nemelex Xobeh
Okawaru
Qazlal
Ru
Sif Muna
Trog
Uskayaw
Vehumet
Wu Jian
Xom
Yredelemnul
Zin
The Shining One
Beogh

Shops:
D:1 (   D:7 !=[?   D:10 !:(*


Innate Abilities, Weirdness & Mutations

You have a pair of horns on your head.
You reflexively headbutt those who attack you in melee.


Message History

The vampire mosquito bites you but does no damage.
The vampire mosquito completely misses you.
The vampire mosquito bites you but does no damage.
The vampire mosquito bites you but does no damage. x2
The vampire mosquito barely misses you.
Items here: ( ) ††.
You barely miss the vampire mosquito.
The vampire mosquito bites you but does no damage. x2
The vampire mosquito closely misses you.
You hit the vampire mosquito.
Your headbutt misses the vampire mosquito.
The vampire mosquito is lightly damaged.
The vampire mosquito closely misses you.
The vampire mosquito bites you but does no damage. x2
You slash the vampire mosquito!
Your headbutt misses the vampire mosquito.
The vampire mosquito is heavily damaged.
The vampire mosquito bites you but does no damage. x3
You slice the vampire mosquito!!
You destroy the vampire mosquito!
Trog accepts your kill.
You see here a vampire mosquito corpse.
Items here: ( ) ††.
There is a stone staircase leading up here.
You can't go down here!
You can't go down here!
You climb upwards.
The freezing wraith hits you! The freezing wraith freezes you!
* * * LOW HITPOINT WARNING * * *
The freezing wraith hits you.
* * * LOW HITPOINT WARNING * * *
The phantasmal warrior hits you!!
* * * LOW HITPOINT WARNING * * *
The phantasmal warrior closely misses you.
You hear a shout! x2
Found a scroll of identify.
There is a stone staircase leading down, spattered with blood here.
You hear a roar!
The death knight hits you with a +0 great mace!
You die...

#.[###
#............#
#..
#..........#.#
#..
####.######.###.#
#. #....# .# # ..
D..... # .# .#
#.###.... .#
#.?###.###..#
#...........#
#@W.# #p.....#
.W.W....#
###......#
##z....# .z.....#
##.#..... .......


You could see a death knight, a seven-headed hydra, 2 skeletal warriors, a
phantasmal warrior and 2 freezing wraiths.

Vanquished Creatures
  2 hydras
  A centaur warrior (D:14)
  4 two-headed ogres
  An orc knight (D:12)
  6 ugly things (D:14)
  A manticore (D:12)
  An elephant (D:9)
  An unseen horror (D:11)
  A komodo dragon (D:12)
  An efreet (D:12)
  3 meliai (D:13)
  A troll (D:11)
  Prince Ribbit (D:7)
  4 slime creatures
  A meliai zombie (D:10)
  Sigmund (D:3)
  A vampire (D:12)
  3 shadows
  3 wraiths
  A wyvern (D:7)
  11 yaks
  3 steam dragons
  7 vampire mosquitoes
  Menkaure (D:5)
  An acid dragon (D:10)
  3 water moccasins
  9 orc warriors
  3 black bears
  2 ice beasts
  2 sky beasts (D:6)
  A necrophage (D:5)
  3 ogres
  6 centaurs
  A phantom (D:5)
  4 kobold brigands
  2 bullfrogs
  2 gnoll sergeants
  A scorpion (D:4)
  A wyvern skeleton (D:6)
  A water moccasin skeleton (D:5)
  5 killer bees (D:9)
  5 wights (D:8)
  A lava snake (D:8)
  3 centaur zombies
  A bullfrog zombie (D:7)
  5 hounds
  A jelly (D:5)
  7 orc priests
  2 bullfrog skeletons
  2 gnoll shamans
  8 orc wizards
  A statue (D:5)
  2 hound zombies
  A hound skeleton (D:5)
  Robin (D:4)
  A howler monkey skeleton (D:7)
  20 gnolls
  11 adders
  2 river rats (D:3)
  2 white imps
  An ufetubus (D:6)
  2 worms
  56 orcs
  An endoplasm (D:1)
  3 giant cockroaches (D:3)
  18 goblins
  8 hobgoblins
  6 ball pythons
  5 bats
  2 frilled lizards (D:3)
  32 kobolds
  10 rats
327 creatures vanquished.

Vanquished Creatures (collateral kills)
  3 yaks (D:9)
3 creatures vanquished.

Vanquished Creatures (others)
  An orc wizard (D:6)
  A demonic plant (D:2)
  3 fungi
  2 plants
7 creatures vanquished.

Grand Total: 337 creatures vanquished

Notes
Turn   | Place    | Note
-------+----------+-------------------------------------------
     0 | D:1      | cbfl8 the Minotaur Berserker began the quest for the Orb.
     0 | D:1      | Reached XP level 1. HP: 19/19 MP: 0/0
   256 | D:1      | Found Goesaih's Weapon Shoppe.
   414 | D:1      | Reached XP level 2. HP: 27/27 MP: 1/1
   823 | D:1      | Reached skill level 4 in Axes
  1029 | D:2      | Found a faded altar of an unknown god.
  1281 | D:2      | Reached XP level 3. HP: 10/33 MP: 2/2
  1607 | D:2      | Found a snail-covered altar of Cheibriados.
  2077 | D:3      | Reached XP level 4. HP: 41/41 MP: 3/3
  2609 | D:3      | Reached ** piety under Trog
  2695 | D:3      | Noticed Sigmund
  2703 | D:3      | Killed Sigmund
  2704 | D:3      | Reached skill level 5 in Axes
  2704 | D:3      | Reached XP level 5. HP: 47/47 MP: 4/4
  2704 | D:3      | Reached XP level 6. HP: 55/55 MP: 5/5
  2725 | D:3      | Reached skill level 5 in Armour
  3397 | D:4      | Found a shimmering altar of Xom.
  3416 | D:4      | Reached skill level 5 in Fighting
  3587 | D:4      | Noticed Robin
  3593 | D:4      | Killed Robin
  3601 | D:4      | Reached skill level 6 in Axes
  4002 | D:4      | Reached XP level 7. HP: 61/61 MP: 6/6
  4522 | D:5      | Entered Level 5 of the Dungeon
  4522 | D:5      | Noticed Menkaure
  4539 | D:4      | Reached skill level 1 in Maces & Flails
  4929 | D:5      | Reached *** piety under Trog
  4962 | D:5      | Killed Menkaure
  4963 | D:5      | Reached skill level 7 in Axes
  4963 | D:5      | Reached skill level 1 in Stealth
  4963 | D:5      | Reached XP level 8. HP: 20/70 MP: 7/7
  5558 | D:5      | Found a radiant altar of Vehumet.
  5708 | D:5      | Found a shimmering blue altar of Sif Muna.
  5834 | D:5      | Reached skill level 5 in Maces & Flails
  6314 | D:6      | Reached XP level 9. HP: 76/78 MP: 8/8
  6458 | D:6      | Found an opulent altar of Gozag.
  6835 | D:7      | Found Otobeal's Armour Shoppe.
  6926 | D:7      | Found Desix's Jewellery Shop.
  7073 | D:7      | Found a shadowy altar of Dithmenos.
  7104 | D:7      | Reached **** piety under Trog
  7229 | D:7      | Noticed Prince Ribbit
  7230 | D:7      | Reached skill level 5 in Dodging
  7245 | D:7      | Killed Prince Ribbit
  7261 | D:7      | Found a staircase to the Ecumenical Temple.
  7266 | D:7      | Found Tanonuog's Distillery.
  7273 | Temple   | Entered the Ecumenical Temple
  7516 | D:7      | Found Sitzeam's Magic Scroll Emporium.
  7529 | D:7      | Bought a scroll of identify for 26 gold pieces
  8695 | D:8      | Found a glowing silver altar of Zin.
  8695 | D:8      | Found a sacrificial altar of Ru.
  8890 | D:9      | Reached XP level 10. HP: 72/84 MP: 9/9
  8903 | D:9      | Identified a scroll of acquirement
  8905 | D:9      | Acquired a +0 vampiric executioner's axe
  9237 | D:9      | Reached skill level 1 in Polearms
  9256 | D:9      | Reached skill level 10 in Armour
 10103 | D:9      | Reached skill level 8 in Axes
 10177 | D:9      | Found a staircase to the Lair.
 10183 | D:9      | Noticed an elephant
 10192 | D:9      | Killed an elephant
 10328 | D:9      | Noticed a two-headed ogre
 10333 | D:9      | Killed a two-headed ogre
 10580 | D:9      | Reached skill level 9 in Axes
 10851 | D:10     | Entered Level 10 of the Dungeon
 10903 | D:10     | Reached ***** piety under Trog
 10919 | D:10     | Reached XP level 11. HP: 60/97 MP: 10/10
 10941 | D:10     | Reached skill level 10 in Axes
 11205 | D:10     | Found an iron altar of Okawaru.
 11207 | D:10     | Found Fufionae's Antique Weapon Shop.
 11382 | D:10     | Found a hide-covered altar of Uskayaw.
 11426 | D:10     | Found Waafro's Book Shoppe.
 11462 | D:10     | Found Tuuqukhla's Distillery.
 11562 | D:10     | Found Kidoer's Serpentskin Sales.
 11573 | D:10     | Bought a +2 cloak of poison resistance for 277 gold pieces
 11820 | D:10     | Bought a potion of curing for 39 gold pieces
 11820 | D:10     | Bought a potion of heal wounds for 65 gold pieces
 11820 | D:10     | Bought a potion of lignification for 39 gold pieces
 11967 | D:11     | Noticed a six-headed hydra
 11978 | D:11     | Killed an 11-headed hydra
 11979 | D:11     | Reached skill level 11 in Axes
 13053 | D:11     | Noticed a two-headed ogre
 13062 | D:11     | Killed a two-headed ogre
 13063 | D:11     | Reached skill level 10 in Fighting
 13943 | D:12     | Noticed a six-headed hydra
 13954 | D:12     | Killed a ten-headed hydra
 13955 | D:12     | Reached skill level 12 in Axes
 14723 | D:12     | Noticed a two-headed ogre
 14730 | D:12     | HP: 3/101 [two-headed ogre (17)]
 14734 | D:12     | Killed a two-headed ogre
 15072 | D:12     | Reached XP level 12. HP: 108/108 MP: 11/11
 15088 | D:12     | Noticed a two-headed ogre
 15097 | D:12     | Killed a two-headed ogre
 15295 | D:12     | Found a shimmering blue altar of Sif Muna.
 15411 | D:12     | Found a staircase to the Orcish Mines.
 15435 | D:12     | Received a gift from Trog
 15438 | D:12     | Reached skill level 13 in Axes
 15772 | D:13     | You fall into a shaft and drop 1 floor!
 15827 | D:14     | Reached skill level 14 in Axes
 15871 | D:14     | Noticed a centaur warrior
 15880 | D:14     | Killed a centaur warrior
 15898 | D:13     | Noticed a death knight
 15898 | D:13     | HP: 4/110 [phantasmal warrior[a death knight] (18)]
 15899 | D:13     | Noticed a seven-headed hydra
 15899 | D:13     | Mangled by a death knight

Illustrated notes

Levels and vault maps discovered:
D:1:      tarquinn_simple_flora_water_b, layout_basic, serial_shops,
          nicolae_shop_bloodbath_and_beyond
D:2:      layout_loops_ring, shapermc_ecumenical_altar_gd, basic_altar
D:3:      layout_rooms, portal_sewer_entry_b, minmay_between, uniq_sigmund
D:4:      layout_basic, kennysheep_little_box, uniq_robin
D:5:      layout_basic, marbit_many_paths, vehumet_statue, uniq_menkaure
D:6:      layout_rooms, lemuel_round_altar
D:7:      layout_rooms, mainiacjoe_overflow_brackets,
          minmay_temple_entry_butterflies, serial_shops, nicolae_shop_trees,
          shop, nicolae_take_the_stairs, shop_coins, uniq_prince_ribbit1
D:8:      layout_loops_ring, gammafunk_temple_overflow_elements,
          kennysheep_cross_room, supply_closet_lemuel, minmay_manual_moon
D:9:      layout_cave_pods, david_lair_generic, special_room [special_room_orc]
D:10:     layout_loops_ring, mainiacjoe_overflow_boulevard,
          eat_drink_and_be_merry_uskayaw, serial_shops, nicolae_shop_waterfront,
          shop, shop, guppyfry_shop_venom
D:11:     layout_basic, serial_rivers, chequers_serial_rivers_room_a,
          chequers_serial_rivers_small_b, chequers_serial_rivers_small_3,
          chequers_serial_rivers_large_b, chequers_serial_rivers_micro_b,
          corexii_checkpoint_a
D:12:     layout_cave_pools, david_orc_5, led_sif_book
D:13:     layout_loops_ring, erik_vaults_2, uniq_rupert, uniq_frances
D:14:     layout_loops_ring
Temple:   nicolae_temple_figure_eight

Skill      XL: |  1  2  3  4  5  6  7  8  9 10 11 12 |
---------------+-------------------------------------+-----
Fighting       | 4 5 6 7 9 10 11 | 11.5
Axes           | 4 5 6 7 9 12 14 | 14.3
Armour         | 3 4 5 7 8 9 10 12 13 | 13.1
Dodging        | 3 4 5 6 |  6.4
Maces & Flails | 2 6 9 |  9.9
Stealth        | 1 |  1.7
Polearms       | 1 |  1.9

Action                   |  1- 3 |  4- 6 |  7- 9 | 10-12 || total
-------------------------+-------+-------+-------+-------++-------
Melee: Hand axe          |    89 |    91 |       |       ||   180
       Headbutt          |    11 |    19 |    57 |    77 ||   164
       Punch             |     3 |     1 |     3 |       ||     7
       Flail             |       |     3 |   263 |       ||   266
       Halberd           |       |       |     9 |     8 ||    17
       Executioner's axe |       |       |       |   384 ||   384
Invok: Berserk           |     1 |     3 |     2 |    11 ||    17
       Trog's Hand       |       |       |     1 |     5 ||     6
       Brothers in Arms  |       |       |       |     1 ||     1
  Use: Scroll            |       |     2 |     4 |     7 ||    13
       Potion            |       |       |       |    10 ||    10
Armor: Animal skin       |     6 |       |       |       ||     6
       Scale mail        |    42 |    52 |   179 |    92 ||   365
       Plate armour      |       |       |       |   369 ||   369
Dodge: Dodged            |    62 |    71 |   193 |   324 ||   650
